 Dungeon Crawl Stone Soup version 0.17-a0-1719-g1afd5a1 (webtiles) character file.

12008 ololoev the Summoner (level 11, -8/79 HPs)
             Began as a Green Draconian Summoner on Aug 28, 2015.
             Was a High Priest of Sif Muna.
             Mangled by a very large slime creature (20 damage)
             ... on level 13 of the Dungeon.
             The game lasted 01:27:02 (19729 turns).

ololoev the Summoner (Green Draconian Summoner)    Turns: 19729, Time: 01:27:02

Health: -8/79      AC: 11    Str: 11    XL:     11   Next: 56%
Magic:  23/23      EV: -3    Int: 16    God:    Sif Muna [*****.]
Gold:   694        SH:  0    Dex: 11    Spells: 5 memorised, 5 levels left

rFire  . . .     SeeInvis .     B - +0 spear
rCold  + . .     Clarity  .     (armour unavailable)
rNeg   + + +     SustAt   .     (no shield)
rPois  ∞         Gourm    .     (helmet restricted)
rElec  .         Spirit   .     w - +1 cloak
rCorr  .         Warding  .     m - +1 pair of gloves "Tugem" {rPois rC+ Int-3}
rMut   +         Stasis   .     (no boots)
MR     .....                    x - amulet of resist mutation
Stlth  +++.......               c - ring of stealth
                                K - ring of wizardry

@: petrified, not resistant to hostile enchantments, fairly stealthy
A: breathe noxious fumes, unfitting armour, frail 1, poison resistance,
cold-blooded, AC +7
a: Breathe Noxious Fumes, Channel Energy, Forget Spell, Renounce Religion


Innate Abilities, Weirdness & Mutations

You can breathe blasts of noxious fumes.
Your lurid green scales are hard (AC +7).
Your body does not fit into most forms of armour.
Your system is resistant to poisons.
You are cold-blooded and may be slowed by cold attacks.
You are frail (-10% HP).

Inventory:

Hand weapons
 B - a +0 spear (weapon)
Armour
 m - the +1 pair of gloves "Tugem" (worn) {rPois rC+ Int-3}
   (You found it on level 10 of the Dungeon)

   It affects your intelligence (-3).
   It protects you from cold.
   It protects you from poison.
 w - a +1 cloak (worn)
Jewellery
 c - a ring of stealth (right hand)
 x - an amulet of resist mutation (around neck)
 K - a ring of wizardry (left hand)
Magical devices
 E - a wand of hasting (6)
 H - a wand of cold (11)
Scrolls
 a - a scroll of magic mapping
 g - 11 scrolls of remove curse
 h - 2 scrolls of enchant armour
 i - a scroll of blinking
 k - 2 scrolls of immolation
 p - 2 scrolls of teleportation
 s - 2 scrolls of amnesia
 v - 3 scrolls of identify
 y - 2 scrolls of recharging
 D - 4 scrolls of enchant weapon
 G - a scroll of summoning
Potions
 d - 5 potions of agility
 e - 2 potions of magic
 f - 7 potions of curing
 j - a potion of heal wounds
 l - a potion of berserk rage
 n - a potion of resistance
 r - a potion of beneficial mutation
 t - a potion of brilliance
 u - a potion of cure mutation
 z - 2 potions of ambrosia
 C - 2 potions of might
 J - 2 potions of haste
Comestibles
 b - 8 bread rations
 o - 3 meat rations
 q - 3 fruits
 F - 3 slices of pizza
 I - 10 royal jellies


   Skills:
 + Level 5.4 Fighting
 * Level 8.0 Polearms
 + Level 5.0 Dodging
 - Level 1.7 Stealth
 + Level 8.4 Spellcasting
 - Level 4.5 Conjurations
 + Level 10.2 Summonings
   Level 1.0 Ice Magic
 - Level 5.1 Air Magic
 - Level 5.7 Poison Magic
 - Level 5.0 Invocations


You had 5 spell levels left.
You knew the following spells:

 Your Spells              Type           Power        Failure   Level  Hunger
a - Olgreb's Toxic Radia  Pois           ####....     4%          4    ###....
b - Monstrous Menagerie   Summ           #####.....   12%         6    ######.
f - Summon Lightning Spi  Summ/Air       ####....     2%          4    ###....
g - Poisonous Cloud       Conj/Pois/Air  ###.......   87%         6    ######.
h - Apportation           Tloc           #.........   4%          1    None


You were on level 13 of the Dungeon.
You worshipped Sif Muna.
Sif Muna was extremely pleased with you.
You were very hungry.

You visited 2 branches of the dungeon, and saw 14 of its levels.
You also visited: Sewer.

You collected 772 gold pieces.
You spent 78 gold pieces at shops.

....... .Q..#
....... ....#
....... .....#
#...... .....#
#......##..)..#
.......K......#
......KJl.....#
.....KK@J.....#
......KKJ.....+
..............#
###############

Notes
Turn   | Place    | Note
--------------------------------------------------------------
     0 | D:1      | ololoev the Draconian Summoner began the quest for the Orb.
     0 | D:1      | Reached XP level 1. HP: 14/14 MP: 3/3
   402 | D:1      | Reached XP level 2. HP: 20/20 MP: 5/5
   420 | D:1      | Learned a level 2 spell: Call Imp
  1172 | D:1      | Reached skill level 5 in Summonings
  1172 | D:1      | Reached XP level 3. HP: 14/26 MP: 4/6
  1180 | D:1      | Learned a level 3 spell: Call Canine Familiar
  2448 | D:2      | Reached skill level 1 in Fighting
  2456 | D:2      | Noticed Robin
  2963 | D:2      | Killed Robin
  3084 | D:3      | Noticed kae's ghost (average MiFi)
  3084 | D:3      | Reached XP level 4. HP: 27/35 MP: 2/7
  3415 | D:3      | Noticed Jessica
  3582 | D:3      | Killed kae's ghost
  3617 | D:3      | Found a glowing drain.
  3648 | Sewer    | Entered a sewer
  3681 | Sewer    | Reached XP level 5. HP: 42/42 MP: 8/8
  3717 | Sewer    | Noticed Purgy
  3744 | Sewer    | Killed Purgy
  3902 | D:3      | Noticed Grinder
  3911 | D:3      | Paralysed by Grinder for 7 turns
  3929 | D:3      | Killed Grinder
  3929 | D:3      | Reached XP level 6. HP: 26/52 MP: 3/9
  4204 | D:3      | Killed Jessica
  4227 | D:3      | Noticed Ijyb
  4246 | D:3      | Killed Ijyb
  4302 | D:3      | Noticed Terence
  4303 | D:3      | Found a deep blue altar of Sif Muna.
  4350 | D:3      | Killed Terence
  4519 | D:4      | Found a staircase to the Ecumenical Temple.
  4530 | Temple   | Entered the Ecumenical Temple
  4934 | D:3      | Became a worshipper of Sif Muna the Loreminder
  4935 | D:3      | Acquired Sif Muna's first power
  4935 | D:3      | Acquired Sif Muna's second power
  4935 | D:3      | Acquired Sif Muna's third power
  4935 | D:3      | Reached skill level 8 in Spellcasting
  4935 | D:3      | Reached skill level 10 in Summonings
  4935 | D:3      | Your scales start taking on a lurid green colour.
  4935 | D:3      | Gained mutation: Your system is resistant to poisons. [Green Draconian growth]
  4935 | D:3      | Reached XP level 7. HP: 59/59 MP: 9/18
  5346 | D:3      | Learned a level 3 spell: Summon Guardian Golem
  5351 | D:3      | Learned a level 4 spell: Summon Ice Beast
  5356 | D:3      | Learned a level 4 spell: Summon Lightning Spire
  6386 | D:5      | Entered Level 5 of the Dungeon
  6523 | D:5      | Reached skill level 1 in Invocations
  6779 | D:5      | Noticed Uberwunderbarhen's ghost (experienced OpFi)
  6788 | D:5      | Killed Uberwunderbarhen's ghost
  6788 | D:5      | Reached XP level 8. HP: 67/67 MP: 12/20
  7123 | D:5      | Noticed Sigmund
  7202 | D:5      | Gained mutation: You have a pair of small horns on your head. [mutagenic meat]
  7203 | D:5      | Gained mutation: Your large and strong wings let you fly indefinitely. [mutagenic meat]
  7204 | D:5      | Gained mutation: You are frail (-10% HP). [mutagenic meat]
  7288 | D:5      | Reached skill level 1 in Polearms
  7331 | D:5      | Noticed Blork the orc
  7359 | D:5      | Killed Blork the orc
  7373 | D:5      | Reached skill level 1 in Ice Magic
  7598 | D:5      | Killed Sigmund
  8172 | D:6      | Reached skill level 1 in Air Magic
  8498 | D:6      | Found a shattered altar of Ashenzari.
  8527 | D:6      | Reached XP level 9. HP: 58/65 MP: 21/21
  8751 | D:6      | Learned a level 6 spell: Poisonous Cloud
  9338 | D:7      | Learned a level 1 spell: Apportation
  9431 | D:7      | Found a runed door.
  9432 | D:7      | Found a basalt altar of Yredelemnul.
  9471 | D:7      | Reached skill level 1 in Poison Magic
 10300 | D:7      | Reached skill level 1 in Conjurations
 10551 | D:8      | Noticed Grum
 10567 | D:8      | Noticed Psyche
 10574 | D:8      | Killed Psyche
 10577 | D:8      | Killed Grum
 11522 | D:8      | Found a snail-covered altar of Cheibriados.
 11536 | D:8      | Found a glowing silver altar of Zin.
 11884 | D:9      | Reached XP level 10. HP: 25/71 MP: 14/22
 12191 | D:9      | Reached skill level 5 in Invocations
 12249 | D:9      | Learned a level 4 spell: Olgreb's Toxic Radiance
 12692 | D:9      | Found an opulent altar of Gozag.
 13369 | D:10     | Entered Level 10 of the Dungeon
 13369 | D:10     | Noticed a hill giant
 13385 | D:10     | Found Ylippemn's Gadget Emporium.
 13558 | D:9      | Reached skill level 5 in Polearms
 14066 | D:10     | Got a pair of encrusted gloves
 14072 | D:10     | Identified the +1 pair of gloves "Tugem" {rPois rC+ Int-3} (You found it on level 10 of the Dungeon)
 14162 | D:10     | Killed a hill giant
 14306 | D:10     | Gained mutation: You expend magic power (3 MP) to strengthen your wands. [mutagenic meat]
 14308 | D:10     | Gained mutation: You possess an exceptional clarity of mind. [mutagenic meat]
 14309 | D:10     | Lost mutation: Your large and strong wings let you fly indefinitely. [mutagenic meat]
 14720 | D:10     | Found a staircase to the Lair.
 14759 | D:11     | Found a staircase to the Orcish Mines.
 14975 | D:11     | Noticed an eight-headed hydra
 16110 | D:11     | Killed an eight-headed hydra
 16350 | D:11     | Found Yrghaynn's Assorted Antiques.
 16355 | D:11     | Bought a scroll of identify for 52 gold pieces
 16357 | D:11     | Bought a scroll labeled RIARUPH RAUKIY for 26 gold pieces
 16516 | D:11     | Lost mutation: You expend magic power (3 MP) to strengthen your wands. [potion of cure mutation]
 16516 | D:11     | Lost mutation: You possess an exceptional clarity of mind. [potion of cure mutation]
 16516 | D:11     | Lost mutation: You have a pair of small horns on your head. [potion of cure mutation]
 17093 | D:10     | Reached XP level 11. HP: 33/76 MP: 20/23
 17556 | D:12     | Reached skill level 5 in Poison Magic
 17832 | D:12     | Received a gift from Sif Muna
 17833 | D:12     | Identified Sif Muna's Compendium of the Escort (Sif Muna gifted it to you on level 12 of the Dungeon)
 17846 | D:12     | Learned a level 6 spell: Monstrous Menagerie
 17954 | D:12     | Noticed a hill giant
 18250 | D:12     | Killed a hill giant
 18250 | D:12     | Reached skill level 5 in Air Magic
 18575 | D:12     | Reached skill level 5 in Fighting
 19062 | D:12     | Noticed a centaur warrior
 19068 | D:12     | Killed a centaur warrior
 19199 | D:12     | Reached skill level 5 in Dodging
 19729 | D:13     | Mangled by a very large slime creature

Dungeon Overview and Level Annotations

Branches:
Dungeon (13/15)            Temple (1/1) D:4            Lair (0/8) D:10
    Orc (0/4) D:11
 Vaults: D:13-14

Altars:
Ashenzari
Cheibriados
Dithmenos
Elyvilon
Fedhas
Gozag
Kikubaaqudgha
Makhleb
Nemelex Xobeh
Okawaru
Qazlal
Ru
Sif Muna
Trog
Vehumet
Xom
Yredelemnul
Zin
The Shining One

Shops:
D:10 }   D:11 *


Message History

D - 4 scrolls of enchant weapon (gained 1)
The basilisk gazes at you. You resist with some effort.
Your limbs are stiffening.
Two slime creatures merge to form a large slime creature.
The kobold hits you but does no damage.
The slime creature hits you but does no damage.
Two slime creatures merge to form a large slime creature.
You have turned to stone.
The kobold hits you with a club. The kobold hits you but does no damage.
The basilisk bites you but does no damage.
The slime creature hits you.
A large slime creature splits.
The kobold hits you but does no damage. x2
The basilisk hisses menacingly.
The basilisk gazes at you. You resist with some effort.
The slime creature hits you!
Two slime creatures merge to form a very large slime creature.
The kobold hits you but does no damage. x2
The kobold hits you with a dagger. The basilisk bites you! The kobold hits you.
The kobold hits you but does no damage. The slime creature hits you.
The kobold hits you but does no damage. x4
The basilisk bites you!
The very large slime creature hits you!!
The slime creature hits you! The kobold hits you with a whip.
The kobold hits you but does no damage. The kobold hits you with a short sword.
The basilisk bites you but does no damage.
The kobold hits you but does no damage.
The very large slime creature hits you!!!
You hear a shout!
Magic restored.
The slime creature hits you! The kobold hits you but does no damage.
The kobold hits you with a short sword. The kobold hits you but does no damage.
The basilisk gazes at you.
The very large slime creature completely misses you.
The slime creature hits you! x2
The kobold completely misses you. The kobold hits you but does no damage.
The basilisk gazes at you. You resist with some effort.
The kobold hits you but does no damage.
The very large slime creature hits you!!!
You die...

You could see a very large slime creature, 2 slime creatures, a basilisk, a tengu conjurer, a big kobold and 5 kobolds.

Vanquished Creatures
  3 centaur zombies (D:12)
  Grinder (D:3)
  A slime creature (D:12)
  2 trolls
  4 yaks (D:12)
  Sigmund (D:5)
  A shadow (D:12)
  A human (D:7)
  2 wolves (D:8)
  4 hippogriffs
  A wasp (D:9)
  3 centaurs
  4 sky beasts
  2 black bears
  2 orc warriors
  A phantom (D:9)
  2 ogres (D:5)
  3 giant frogs
  Blork the orc (D:5)
  2 big kobolds
  A scorpion (D:5)
  5 killer bees
  3 wights
  3 hounds
  6 crimson imps
  3 jellies
  6 orc wizards
  An orc priest (D:9)
  Ijyb (D:3)
  A centaur skeleton (D:6)
  A giant frog zombie (D:12)
  2 iguanas
  Jessica (D:3)
  Terence (D:3)
  7 worker ants
  A hound zombie (D:5)
  2 hound skeletons
  2 worker ant zombies
  7 adders
  3 gnolls
  4 shadow imps
  3 oozes (D:8)
  3 adder skeletons
  An adder zombie (D:5)
  A worm (D:5)
  27 orcs
  7 bats
  5 giant cockroaches
  10 goblins
  10 hobgoblins
  14 jackals
  2 quokkas
  2 ball pythons
  9 giant geckos
  A giant gecko skeleton (D:4)
  9 giant newts
  26 kobolds
  4 rats
236 creatures vanquished.

Vanquished Creatures (collateral kills)
  A hydra (D:11)
  A centaur warrior (D:12)
  2 hill giants
  A centaur zombie (D:12)
  Psyche (D:8)
  2 gargoyles
  The ghost of Uberwunderbarhen the Sneak, an experienced OpFi (D:5)
  2 trolls
  2 two-headed ogres
  5 slime creatures (D:12)
  A trapdoor spider (D:12)
  A steam dragon (D:11)
  A shadow (D:12)
  2 wraiths
  Grum (D:8)
  2 hungry ghosts
  A mottled dragon (D:11)
  4 wargs (D:11)
  A water moccasin (D:11)
  Purgy (Sewer)
  The ghost of kae the Slasher, an average MiFi (D:3)
  A phantom (D:12)
  4 centaurs
  6 ice beasts
  A wasp (D:9)
  A big kobold (D:7)
  4 necrophages
  2 giant frogs
  A gnoll sergeant (D:8)
  A wyvern zombie (D:9)
  A wyvern skeleton (D:6)
  A killer bee (D:11)
  12 wights
  A crimson imp (D:12)
  A centaur skeleton (D:5)
  2 giant frog zombies
  4 jellies
  2 orc wizards
  An orc priest (D:9)
  2 iguanas
  2 mummies (D:12)
  Robin (D:2)
  An adder (D:3)
  8 gnolls
  2 oozes (D:8)
  A worm (D:3)
  5 orcs
  2 hobgoblins
  2 kobolds (D:3)
  A quokka (D:3)
  A ball python (D:3)
  A goblin (D:2)
  2 rats (D:3)
111 creatures vanquished.

Grand Total: 347 creatures vanquished

Action                   |  1- 3 |  4- 6 |  7- 9 | 10-12 || total
-------------------------+-------+-------+-------+-------++-------
Melee: Unarmed           |    29 |       |       |       ||    29
       Club              |    52 |       |       |       ||    52
       Dagger            |   192 |    55 |       |       ||   247
       Short sword       |       |   129 |   683 |   229 ||  1041
       Spear             |       |       |       |   527 ||   527
 Cast: Summon Small Mamm |     1 |       |       |       ||     1
       Call Imp          |     7 |     7 |       |       ||    14
       Call Canine Famil |     2 |     9 |    12 |    25 ||    48
       Summon Ice Beast  |       |       |     7 |    31 ||    38
       Summon Lightning  |       |       |     4 |     9 ||    13
       Summon Guardian G |       |       |     3 |     8 ||    11
       Olgreb's Toxic Ra |       |       |       |     6 ||     6
       Monstrous Menager |       |       |       |    11 ||    11
       Apportation       |       |       |       |     2 ||     2
Invok: Channel Energy    |       |       |       |     3 ||     3
       Forget Spell      |       |       |       |     3 ||     3
 Abil: Breathe Noxious F |       |       |    26 |    19 ||    45
       Fly               |       |       |     1 |       ||     1
  Use: Scroll            |       |     6 |    15 |     6 ||    27
       Potion            |       |     2 |     5 |     3 ||    10
 Stab: Sleeping          |     6 |     5 |     5 |     2 ||    18
       Confused          |       |       |    17 |    15 ||    32
       Distracted        |       |       |     1 |     6 ||     7
  Eat: Chunk             |     6 |     6 |    27 |    33 ||    72
       Beef jerky        |     1 |     1 |       |     2 ||     4
       Royal jelly       |       |       |     1 |       ||     1
       Meat ration       |       |       |     1 |       ||     1
       Fruit             |       |       |       |    10 ||    10

Vault maps used:
D:1:      dpeg_arrival_simpleton_a, kennysheep_another_room
D:2:      corexii_item_surrounded_by_moat, uniq_robin
D:3:      nicolae_overflow_hidden_temple, first_bread, portal_sewer_entry_a,
          uniq_terence, uniq_iyjb, uniq_jessica, uniq_grinder
D:4:      minmay_temple_entry_statues_fountains, minmay_lizard_king
D:5:      grunt_decor_cap, grunt_ministairs_11, uniq_blork_the_orc, uniq_sigmund
D:6:      evilmike_ruin_ashenzari
D:7:      kennysheep_big_flooded_room, dk_yredelemnul_ordeal
D:8:      grunt_temple_overflow_open, hangedman_little_slice_of_home, uniq_grum,
          uniq_psyche
D:9:      lemuel_coloured_pillars_altar
D:10:     lair_0_dummy, serial_shops, shop_statue
D:11:     minmay_orc_entry_guard_dogs, serial_shops, kennysheep_little_box
D:12:     serial_undead, serial_undead_e, serial_undead_e, serial_undead_f,
          serial_undead_e, minmay_tree_intersection
D:13:     david_vaults_3
Temple:   minmay_temple_curvy_14
Sewer:    kennysheep_door_sewer
